Unix NetHack Version 5.0.0-0 post-release - last build May 10 2026 23:12:36 (d1fa5d53e341ca933230fdaa984d921c805b60aa,branch:main).

Game began 2026-05-11 04:49:42, ended 2026-05-11 18:25:56.

BeardyHaddock, lawful male dwarven Archeologist

                             -.---------
                             |.........|
                             |.....(...|
                             +....<....-
                             |.........|
                             |....B...*|
                             -----B-----
                                 M@.
                                 -.-

BeardyHaddock the Investigator  St:12 Dx:10 Co:16 In:16 Wi:12 Ch:8  Lawful
Dlvl:11 $:98 HP:0(80) Pw:20(20) AC:1  Xp:8 T:12316  Satiated Burdened

Latest messages:
 You destroy the elf zombie!
 You see here a worthless piece of yellowish brown glass.
 In what direction? 4
 The door closes.
 The paper golem opens a door.
 You start digging.
 You hit the rock with all your might.
 You make an opening in the wall.
 You hit the paper golem!
 The paper golem hits!
 The paper golem hits!
 You destroy the paper golem!
 The fog cloud flows under the door.
 You start digging.
 You hit the rock with all your might.
 You stop digging.
 The kobold mummy hits!
 You continue digging.
 You make an opening in the wall.
 The gnome mummy hits!
 You hit the gnome mummy!
 You destroy the gnome mummy!
 You hit the kobold mummy.
 You hit the kobold mummy!
 The kobold mummy hits!
 You hit the kobold mummy!
 The orc mummy hits!
 You hit the kobold mummy.
 The orc mummy misses!
 The kobold mummy misses!
 You destroy the kobold mummy!
 The orc mummy just misses!
 You hit the orc mummy!
 You hit the orc mummy!
 The orc mummy misses!
 You hit the orc mummy.
 The orc mummy hits!
 You miss the orc mummy.
 The vampire bat bites!
 The vampire bat misses!
 The vampire bat bites!
 The vampire bat misses!
 The orc mummy misses!
 The vampire bat bites!
 You die...
 Do you want your possessions identified? [ynq] (y) y
 Do you want to see your attributes? [ynq] (y) y
 Do you want an account of creatures vanquished? [ynaq] (y) y
 Do you want to see your conduct and achievements? [ynq] (y) n
 Do you want to see the dungeon overview? [ynq] (y) n

Inventory:
 Coins    ('$')
  $ - 98 gold pieces
 Weapons  (')')
  k - 9 rustproof +0 darts
  l - 3 +2 darts (at the ready)
  N - 9 +0 darts
  a - a +2 bullwhip
  F - a rusty +1 dwarvish mattock (weapon in hands)
 Armor    ('[')
  X - a cursed -1 helm of brilliance
  q - an uncursed +0 orcish helm (being worn)
  o - an uncursed +0 pair of leather gloves (being worn)
  p - an uncursed +0 pair of high boots (being worn)
  Q - an uncursed +0 dwarvish cloak
  V - an uncursed +0 elven mithril-coat (being worn)
 Comestibles  ('%')
  B - an uncursed slime mold
  Z - 2 uncursed cloves of garlic
  d - 2 uncursed food rations
  e - an uncursed egg
 Scrolls  ('?')
  C - 2 uncursed scrolls of confuse monster
  x - a cursed scroll of confuse monster
  r - 2 uncursed scrolls of create monster
  v - 2 uncursed scrolls of earth
  L - an uncursed scroll of genocide
  P - an uncursed scroll of remove curse
  b - an uncursed scroll of scare monster
  U - an uncursed scroll of teleportation
 Spellbooks  ('+')
  T - an uncursed spellbook of create familiar
  z - a cursed spellbook of haste self
 Rings    ('=')
  u - an uncursed ring of free action
  Y - a blessed +2 ring of increase accuracy
  W - a blessed +2 ring of increase damage
  j - an uncursed ring of invisibility
 Wands    ('/')
  m - a wand of light (0:9)
  h - a wand of make invisible (0:7)
  M - a wand of make invisible (0:5)
  y - a wand of nothing (0:13)
  s - a wand of secret door detection (0:14)
  O - a wand of sleep (0:4)
  w - a wand of stasis (0:3)
  K - a wand of striking (0:5)
  I - a wand of striking (0:4)
 Tools    ('(')
  t - an empty uncursed sack
  D - an empty uncursed sack
  H - an uncursed sack containing 1 item
  J - an uncursed mirror
  i - an uncursed oil lamp
  S - an uncursed oil lamp
  n - an uncursed skeleton key
  c - an uncursed stethoscope
  f - a tinning kit (0:66)
  E - an uncursed towel
 Gems/Stones  ('*')
  R - an uncursed amber stone
  G - an uncursed jacinth stone
  g - an uncursed touchstone

Contents of the sack:
  an uncursed scroll of gold detection

BeardyHaddock the Archeologist's attributes:

Background:
 You were an Investigator, a level 8 male dwarven Archeologist.
 You were lawful, on a mission for Quetzalcoatl
 who was opposed by Camaxtli (neutral) and Huhetotl (chaotic).
 You were right-handed.
 You were in the Gnomish Mines, on level 11.
 You entered the dungeon 12316 turns ago.
 You had 1840 experience points, 720 more were needed to attain level 9.

Basics:
 You had 0 out of 80 hit points.
 You had all 20 energy points (spell power).
 Your armor class was 1.
 Your wallet contained 98 zorkmids.
 Autopickup was off.

Final Characteristics:
 Your strength was 12 (peak:18, limit:18/100).
 Your dexterity was 10 (limit:20).
 Your constitution was 16 (limit:20).
 Your intelligence was 16 (limit:16).
 Your wisdom was 12 (limit:16).
 Your charisma was 8 (limit:16).

Final Status:
 You were satiated.
 You were burdened; movement was slightly slowed.
 You were wielding a mattock.
 You had expert skill with pick-axe.

Final Attributes:
 You were piously aligned.
 You were poison resistant.
 You were telepathic.
 You had automatic searching.
 You had infravision.
 You were stealthy.
 You were guarded.
 Your spell casting was impaired by metallic armor.
 You were fast.
 You are dead.

Miscellaneous:
 You didn't encounter any bones levels.
 Total elapsed playing time was 1 hour, 55 minutes and 44 seconds.

Major events:
 Turn
    1: BeardyHaddock the lawful male dwarven Archeologist entered the dungeon
 1949: attained the rank of Field Worker (level 3)
 1990: entered the Gnomish Mines
 2505: reached Mine Town
 6137: attained the rank of Investigator (level 6)
 6847: entered Sokoban
12316: killed by a vampire lord in bat form

Spells:
 Name                 Level Category     Fail Retention
 wizard lock            2   matter       100%   26%-50%
 chain lightning        2   attack       100%   26%-50%
 cure sickness          3   healing      100%   51%-75%
 cure blindness         2   healing      100%  76%-100%

Skills:
 Fighting Skills
   bare handed combat [Unskilled]
   two weapon combat  [Unskilled]
   riding             [Unskilled]
 Weapon Skills
   dagger             [Unskilled]
   knife              [Unskilled]
   pick-axe           [Expert]
   short sword        [Unskilled]
   saber              [Unskilled]
   club               [Unskilled]
   quarterstaff       [Unskilled]
   sling              [Unskilled]
   dart               [Unskilled]
   boomerang          [Unskilled]
   whip               [Basic]
   unicorn horn       [Unskilled]
 Spellcasting Skills
   attack spells      [Unskilled]
   healing spells     [Unskilled]
   divination spells  [Unskilled]
   matter spells      [Unskilled]

Voluntary challenges:
 Character rerolling was not enabled.
 You never genocided any monsters.
 You never polymorphed an object.
 You never changed form.
 You used no wishes.
 You did not violate any of the special Sokoban rules.
Achievements:
 You entered a shop.
 You attained the rank of Field Worker.
 You entered the Gnomish Mines.
 You entered Minetown.
 You entered a temple.
 You attained the rank of Investigator.
 You entered Sokoban.

 The Dungeons of Doom: levels 1 to 8
    Level 1:
    Level 2:
       A general store.
       Stairs down to The Gnomish Mines.
    Level 3:
       A fountain.
    Level 4:
       A weapon shop, a fountain, a sink.
    Level 5:
       Many fountains.
       Oracle of Delphi.
    Level 6:
       A scroll shop, a fountain, a sink.
       Stairs up to Sokoban, level 5.
    Level 7:
       Many fountains.
    Level 8:
 The Gnomish Mines: levels 3 to 11
    Level 3:
    Level 4:
    Level 5:
    Level 6:
       Many shops, a temple and an altar to Quetzalcoatl, some fountains, some trees.
    Level 7:
    Level 9:
    Level 10:
    Level 11: <- You were here.
       Final resting place for
          you, killed by a vampire lord in bat form.
 Sokoban:
    Level 5:
       Unsolved.


Vanquished creatures:
  a giant mimic
  a large mimic
 10 small mimics
  a watchman
  a chameleon
  a giant beetle
  a quivering blob
  a leprechaun
 an orc-captain
  2 giant spiders
  a horse
  a gnome ruler
 an owlbear
  a dog
  a housecat
  a jaguar
  a dwarf leader
  a dust vortex
  2 ravens
  a plains centaur
  a gnome mummy
  a snake
 an ape
  a rope golem
  a bugbear
  a wood nymph
  a mountain nymph
  2 orc shamans
  3 rock piercers
  2 ponies
  2 fog clouds
  a yellow light
  a violet fungus
 12 gnome leaders
  2 kobold mummies
  a red naga hatchling
  3 gray oozes
  2 elf zombies
  a straw golem
  2 paper golems
  a baby crocodile
  2 giant ants
  a little dog
  4 floating eyes
  8 dwarves
  3 homunculi
  a kobold leader
  3 kobold shamans
 13 hill orcs
  7 rothes
  2 rabid rats
  a centipede
  3 giant bats
  5 orc zombies
  2 dwarf zombies
  a wererat
  7 iguanas
  2 acid blobs
  a coyote
  a gas spore
  2 hobbits
 11 manes
  4 hobgoblins
  2 giant rats
  a cave spider
  a yellow mold
  2 green molds
  2 red molds
 37 gnomes
  3 gnome zombies
  6 geckos
 20 jackals
  a fox
  6 kobolds
 10 goblins
  3 sewer rats
 16 grid bugs
  a bat
  9 lichens
  a kobold zombie
 11 newts
289 creatures vanquished.

No species were genocided or became extinct.

Game over:
                       ----------
                      /          \
                     /    REST    \
                    /      IN      \
                   /     PEACE      \
                  /                  \
                  |  BeardyHaddock   |
                  |      98 Au       |
                  |   killed by a    |
                  | vampire lord in  |
                  |     bat form     |
                  |                  |
                  |       2026       |
                 *|     *  *  *      | *
        _________)/\\_//(\/(/\)/\//\/|_)_______

Goodbye BeardyHaddock the Archeologist...

You died in The Gnomish Mines on dungeon level 11 with 8059 points,
and 98 pieces of gold, after 12316 moves.
You were level 8 with a maximum of 80 hit points when you died.

